 Dungeon Crawl Stone Soup version 0.19-a0-1834-g6b7851e (webtiles) character file.

130 GameOver the Caller (level 5, -4/63 HPs)
             Began as a Naga Summoner on Oct 9, 2016.
             Was a Believer of Cheibriados.
             Slain by Pikel
             ... wielding a +0 whip of flaming
              (11 damage)
             ... on level 4 of the Dungeon.
             The game lasted 00:10:47 (2642 turns).

GameOver the Caller (Naga Summoner)                 Turns: 2642, Time: 00:10:47

Health: -4/63      AC:  2    Str: 19    XL:     5   Next: 13%
Magic:  5/8        EV: 10    Int: 20    God:    Cheibriados [**....]
Gold:   135        SH:  0    Dex: 16    Spells: 3 memorised, 0 levels left

rFire  . . .     SeeInvis +     x - +0 short sword
rCold  . . .     Gourm    .     a - +0 robe
rNeg   + . .     Faith    .     (no shield)
rPois  +         Spirit   .     (no helmet)
rElec  .         Dismiss  .     (no cloak)
rCorr  .         Reflect  .     (no gloves)
MR     .....     Harm     .     (no barding)
Stlth  ..........               (no amulet)
                                (no ring)
                                e - ring of positive energy

@: mighty, berserking, very slow
A: see invisible, deformed body, poison resistance, slowness 2, slow metabolism
1, spit poison 1, AC +1
a: Spit Poison, Bend Time, Renounce Religion


You were on level 4 of the Dungeon.
You worshipped Cheibriados.
Cheibriados was pleased with you.
You were very hungry.

You visited 1 branch of the dungeon, and saw 4 of its levels.

You collected 135 gold pieces.

Inventory:

Hand Weapons
 x - a +0 short sword (weapon)
Missiles
 d - 10 bolts
 i - 99 arrows
 k - 82 stones (quivered)
Armour
 a - a +0 robe (worn)
Jewellery
 e - a ring of positive energy (left hand)
Scrolls
 f - a scroll of random uselessness {unknown}
 g - 2 scrolls of teleportation {unknown}
 h - 2 scrolls of remove curse {unknown}
 m - 3 scrolls of identify {unknown}
 n - a scroll of enchant weapon {unknown}
 p - 3 scrolls of amnesia {unknown}
 v - a scroll of blinking {unknown}
Potions
 l - a potion of might
 o - a potion of heal wounds {unknown}
 s - a potion of berserk rage
 u - a potion of agility {unknown}
Books
 b - a book of Callings

   Spells                             Type                      Level
   a - Summon Small Mammal            Summoning                    1
   b - Call Imp                       Summoning                    2
   c - Call Canine Familiar           Summoning                    3
   d - Summon Guardian Golem          Hexes/Summoning              3
   e - Summon Lightning Spire         Summoning/Air                4
   f - Summon Ice Beast               Ice/Summoning                4
Comestibles
 c - 3 bread rations
 r - a meat ration
 t - a royal jelly
 w - a slice of pizza


   Skills:
 - Level 1.5 Dodging
 - Level 3.0 Stealth
 - Level 2.0 Spellcasting
 + Level 6.2 Summonings
 * Level 0.4 Air Magic


You couldn't memorise any spells.
You knew the following spells:

 Your Spells              Type           Power        Failure   Level  Hunger
a - Summon Small Mammal   Summ           ####         1%          1    #......
q - Summon Lightning Spi  Summ/Air       ###.....     45%         4    #####..
w - Call Canine Familiar  Summ           ####....     4%          3    ###....


Dungeon Overview and Level Annotations

Branches:
Dungeon (4/15)
 Temple: D:4-7

Altars:
Ashenzari
Cheibriados
Fedhas
Hepliaklqana
Nemelex Xobeh
Uskayaw

Annotations:
D:4 Menkaure, Pikel, Robin


Innate Abilities, Weirdness & Mutations

You cannot wear boots.
Your serpentine skin is tough. (AC +1)
You have supernaturally acute eyesight. (SInv)
Armour fits poorly on your strangely shaped body.
Your system is resistant to poisons. (rPois)
You cover ground very slowly.
You have a slow metabolism.
You can spit poison.


Message History

Pikel burns you.
* * * LOW HITPOINT WARNING * * *
It was a potion of might.
You feel very mighty all of a sudden.
Pikel cracks his whip.
Pikel hits you with a whip of flaming.
* * * LOW HITPOINT WARNING * * *
Pikel burns you.
* * * LOW HITPOINT WARNING * * *
It was a potion of berserk rage.
A red film seems to cover your vision as you go berserk!
Cheibriados protects you from inadvertent hurry.
You feel mighty! Pikel waves his whip at you.
Pikel hits you but does no damage.
Your hound bites Pikel but does no damage.
You hit Pikel.
Pikel is lightly wounded.
Your hound barely misses Pikel.
Pikel hits you with a whip of flaming!
You die...

##.####.## ##'##
#.# ### #.# #.#
#.# #.# #.# #.#
#.# ##.##
#.#####...##
.........<#
...##...##
#.#.###.#####...
# #....@h.....#
#.#####K#######
#.....pp#
#######p# #p#
#.# #.# #g# #.#


You could see Pikel, 4 slaves, a goblin and a friendly hound.

Vanquished Creatures
  An adder (D:2)
  2 dart slugs (D:1)
  2 orcs
  4 bats
  2 giant cockroaches
  5 goblins
  7 hobgoblins
  5 jackals
  4 frilled lizards
  2 kobolds
34 creatures vanquished.

Vanquished Creatures (collateral kills)
  A bullfrog skeleton (D:4)
  4 adders
  An ooze (D:3)
  3 worms
  A dart slug (D:3)
  3 leopard geckos
  A ball python (D:1)
  4 goblins
  A hobgoblin (D:3)
  3 jackals
  A quokka (D:2)
  4 bats
  3 frilled lizards
  A kobold (D:3)
  5 rats
36 creatures vanquished.

Grand Total: 70 creatures vanquished

Notes
Turn   | Place    | Note
-------+----------+-------------------------------------------
     0 | D:1      | GameOver the Naga Summoner began the quest for the Orb.
     0 | D:1      | Reached XP level 1. HP: 15/15 MP: 3/3
   148 | D:1      | Reached XP level 2. HP: 22/22 MP: 5/5
   387 | D:1      | Found a sparkling altar of Nemelex Xobeh.
   756 | D:2      | Reached XP level 3. HP: 28/28 MP: 6/6
   761 | D:2      | Learned a level 3 spell: Call Canine Familiar
   831 | D:2      | Found a hazy altar of Hepliaklqana.
   831 | D:2      | Found a snail-covered altar of Cheibriados.
   832 | D:2      | Found a hide-covered altar of Uskayaw.
   832 | D:2      | Found a sparkling altar of Nemelex Xobeh.
   832 | D:2      | Found a shattered altar of Ashenzari.
   832 | D:2      | Found a blossoming altar of Fedhas.
   839 | D:2      | Became a worshipper of Cheibriados the Contemplative
   862 | D:2      | Reached skill level 5 in Summonings
  1335 | D:2      | Reached XP level 4. HP: 36/36 MP: 3/7
  1343 | D:2      | Reached * piety under Cheibriados
  1834 | D:3      | Found a blossoming altar of Fedhas.
  1954 | D:3      | Reached ** piety under Cheibriados
  2216 | D:3      | Reached skill level 6 in Summonings
  2344 | D:4      | Reached XP level 5. HP: 32/42 MP: 5/8
  2350 | D:4      | Learned a level 4 spell: Summon Lightning Spire
  2412 | D:4      | Noticed Menkaure
  2601 | D:4      | Noticed Robin
  2626 | D:4      | Noticed Pikel
  2629 | D:4      | Noticed a slave
  2631 | D:4      | Noticed a slave
  2632 | D:4      | Noticed a slave
  2635 | D:4      | Noticed a slave
  2642 | D:4      | Slain by Pikel

Vault maps used:
D:1:      minmay_arrival_hallway, nemelex_diamond_rough_becter
D:2:      grunt_temple_overflow_open, first_bread, minmay_misc_feat_chi
D:3:      fedhas_altar_2
D:4:      st_stairs_7, uniq_robin, uniq_menkaure, uniq_pikel

Skill      XL: |  1  2  3  4 |
---------------+-------------+-----
Summonings     | 5 6 |  6.2
Dodging        | |  1.5
Stealth        | |  3.0
Spellcasting   | |  2.0
Air Magic      | |  0.4

Action                   |  1- 3 |  4- 6 || total
-------------------------+-------+-------++-------
Melee: Unarmed           |     3 |       ||     3
       Whip              |    45 |     8 ||    53
       Short sword       |       |    14 ||    14
 Cast: Summon Small Mamm |    22 |     3 ||    25
       Call Canine Famil |     4 |     7 ||    11
 Abil: Spit Poison       |    30 |    20 ||    50
  Use: Potion            |       |     2 ||     2
 Stab: Distracted        |     1 |       ||     1
       Sleeping          |       |     1 ||     1
  Eat: Chunk             |     4 |     3 ||     7
Armor: Robe              |    16 |     4 ||    20
Dodge: Dodged            |    50 |    22 ||    72
